 Dungeon Crawl Stone Soup version 0.20-a0-502-g555d78b (webtiles) character file.

978 w00t the Fighter (level 7, -2/70 HPs)
             Began as a Minotaur Fighter on Jan 20, 2017.
             Slain by an ogre
             ... wielding a +0 giant club
              (23 damage)
             ... on level 4 of the Dungeon.
             The game lasted 00:05:50 (4347 turns).

w00t the Fighter (Minotaur Fighter)                 Turns: 4347, Time: 00:05:51

Health: -2/70      AC: 12    Str: 21    XL:     7   Next: 95%
Magic:  6/6        EV:  5    Int:  5    God:
Gold:   263        SH: 10    Dex: 11    Spells: 6/6 levels left

rFire    . . .     SeeInvis .   a - +0 flail
rCold    . . .     Gourm    .   s - +0 plate armour (curse)
rNeg     . . .     Faith    .   c - +0 shield
rPois    .         Spirit   .   (helmet restricted)
rElec    .         Reflect  .   (no cloak)
rCorr    .         Harm     .   (no gloves)
MR       .....                  (no boots)
Stlth    ..........             (no amulet)
Regen    0.3/turn               (no ring)
                                (no ring)

@: no status effects
A: retaliatory headbutt, horns 2
a: no special abilities


You were on level 4 of the Dungeon.
You were not hungry.

You visited 1 branch of the dungeon, and saw 4 of its levels.
You also visited: Ossuary.

You collected 263 gold pieces.

Inventory:

Hand Weapons
 a - a +0 flail (weapon)
Missiles
 e - 146 stones (quivered)
Armour
 c - a +0 shield (worn)
 s - a cursed +0 plate armour (worn)
Wands
 w - a wand of polymorph (22/24)
Scrolls
 j - 5 scrolls of remove curse {unknown}
 k - a scroll of amnesia {unknown}
 l - 2 scrolls of enchant weapon {unknown}
 m - 3 scrolls of teleportation {unknown}
 n - a scroll of noise {unknown}
 p - a scroll of fear {unknown}
 r - 5 scrolls of identify {unknown}
 v - a scroll of recharging {unknown}
 y - a scroll of random uselessness {unknown}
 C - a scroll of fog {unknown}
Potions
 b - a potion of agility {unknown}
 d - 3 potions of might
 h - a potion of berserk rage {unknown}
 q - 2 potions of curing {unknown}
 t - 6 potions of heal wounds
 u - a potion of cure mutation {unknown}
 x - a potion of mutation {unknown}
 z - a potion of haste {unknown}
 B - a potion of lignification {unknown}
 D - a potion of beneficial mutation {unknown}
Comestibles
 f - 2 bread rations
 g - 5 meat rations
 i - a beef jerky
 o - a slice of pizza


   Skills:
 + Level 9.4 Fighting
 - Level 2.4 Maces & Flails
 * Level 5.8 Armour
 * Level 3.2 Dodging
 * Level 4.7 Shields


You had 6 spell levels left.
You didn't know any spells.

Dungeon Overview and Level Annotations

Branches:
Dungeon (4/15)
 Temple: D:4-7

Altars:
Nemelex Xobeh
Qazlal


Innate Abilities, Weirdness & Mutations

You reflexively headbutt those who attack you in melee.
You have a pair of horns on your head.


Message History

* * * LOW HITPOINT WARNING * * *
You are too injured to fight recklessly!
An ogre is nearby!
An ogre is nearby!
An ogre is nearby!
An ogre is nearby!
An ogre is nearby!
You are too injured to fight recklessly!
You barely miss the ogre. You headbutt the ogre.
The ogre is almost dead.
The ogre hits you with a giant club!
* * * LOW HITPOINT WARNING * * *
You barely miss the ogre.
The ogre is almost dead.
The ogre hits you with a giant club!
* * * LOW HITPOINT WARNING * * *
You barely miss the ogre.
The ogre is almost dead.
The ogre hits you with a giant club!!
You die...

# # ####.# ### #...
.(# #.## .. ...# ..
.#.### .# ## .##
.#...#####.# #.#
).#
####....##.####O#)#
.#...##........#@.#
.#.........(......#
...####..#(###.##.#
..## #..#.###.##.#
..#####....#......#
..................#
.######...........#
#).#.......##
#..#.......#


You could see an ogre.

Vanquished Creatures
  The ghost of Zazen the Slasher, an amateur DsWr (D:4)
  An ogre (D:4)
  A scorpion (D:3)
  The ghost of Sonyasha the Caller, a weakling FoSu (D:3)
  4 centaur zombies (Ossuary)
  A hound (D:3)
  An orc wizard (D:4)
  Ijyb (D:2)
  Natasha (thrice) (D:2)
  4 worker ants
  3 big kobold zombies (Ossuary)
  4 mummies (Ossuary)
  3 gnolls (D:2)
  7 adders
  4 worms
  3 dart slugs
  A leopard gecko (D:2)
  15 orcs
  5 giant cockroaches
  10 goblins
  10 hobgoblins
  4 jackals
  A quokka (D:2)
  A ball python (D:1)
  9 bats
  A frilled lizard (D:4)
  2 hobgoblin zombies (Ossuary)
  7 kobolds
  10 rats
118 creatures vanquished.

Notes
Turn   | Place    | Note
-------+----------+-------------------------------------------
     0 | D:1      | w00t the Minotaur Fighter began the quest for the Orb.
     0 | D:1      | Reached XP level 1. HP: 19/19 MP: 0/0
   355 | D:1      | Reached skill level 4 in Fighting
   417 | D:1      | Reached XP level 2. HP: 23/27 MP: 1/1
   875 | D:1      | Reached skill level 5 in Fighting
   951 | D:1      | Reached XP level 3. HP: 35/36 MP: 2/2
  1368 | D:2      | Noticed Natasha
  1373 | D:2      | Killed Natasha
  1373 | D:2      | Reached skill level 6 in Fighting
  1373 | D:2      | Reached XP level 4. HP: 39/44 MP: 3/3
  1568 | D:2      | Noticed Ijyb
  1595 | D:2      | Killed Ijyb
  1643 | D:2      | Found a stormy altar of Qazlal.
  1643 | D:2      | Noticed Natasha
  1654 | D:2      | Killed Natasha
  1654 | D:2      | Reached XP level 5. HP: 31/51 MP: 4/4
  1777 | D:2      | Noticed Natasha
  1787 | D:2      | Killed Natasha
  1787 | D:2      | Reached skill level 7 in Fighting
  2494 | D:3      | Noticed Sonyasha's ghost (weakling FoSu)
  2504 | D:3      | Killed Sonyasha's ghost
  2504 | D:3      | Reached skill level 8 in Fighting
  2607 | D:3      | Found a sparkling altar of Nemelex Xobeh.
  2669 | D:3      | Reached XP level 6. HP: 61/61 MP: 5/5
  3298 | D:4      | Noticed Zazen's ghost (amateur DsWr)
  3372 | D:3      | Reached skill level 9 in Fighting
  3540 | D:4      | Killed Zazen's ghost
  3540 | D:4      | Reached skill level 1 in Dodging
  3540 | D:4      | Reached XP level 7. HP: 59/70 MP: 6/6
  3619 | D:4      | Found a sand-covered staircase.
  3732 | Ossuary  | Entered an ossuary
  3805 | Ossuary  | Reached skill level 5 in Armour
  4347 | D:4      | Slain by an ogre

Vault maps used:
D:1:      evilmike_arrival_run_for_it, serial_bayou_pond_a, st_stairs_4
D:2:      nicolae_qazlal_eye_of_the_storm, roderic_serpentine_path,
          minmay_distorted, uniq_natasha, uniq_iyjb
D:3:      nemelex_xobeh_ov_fountains_minmay, first_bread
D:4:      nicolae_ossuary_entry_false_entrances, uniq_sigmund
Ossuary:  ossuary_the_hunt_dpeg

Skill      XL: |  1  2  3  4  5  6  7 |
---------------+----------------------+-----
Fighting       | 4 5 6 8 9 |  9.4
Armour         | 4 5 |  5.8
Dodging        | 1 3 |  3.2
Shields        | 4 |  4.7
Maces & Flails | |  2.4

Action                   |  1- 3 |  4- 6 |  7- 9 || total
-------------------------+-------+-------+-------++-------
Melee: Flail             |    62 |   221 |    95 ||   378
       Headbutt          |     8 |    32 |    18 ||    58
Throw: Stone             |    65 |    42 |    32 ||   139
  Use: Potion            |       |     3 |       ||     3
  Eat: Chunk             |     1 |     8 |       ||     9
       Bread ration      |       |       |     1 ||     1
Armor: Scale mail        |    23 |       |       ||    23
       Plate armour      |     2 |   150 |    41 ||   193
Dodge: Dodged            |    21 |    36 |    20 ||    77
Block: Shield            |    28 |   124 |    39 ||   191
